 Dungeon Crawl Stone Soup version 0.28.0-45-g0d030f2227 (webtiles) character file.

Game seed: 9760173972542842938

25 jimonade the Nimble (level 3, -6/28 HPs)
             Began as a Gnoll Wanderer on Apr 9, 2022.
             Mangled by Sigmund
             ... wielding a +0 scythe
              (17 damage)
             ... on level 2 of the Dungeon.
             The game lasted 00:04:07 (1043 turns).

jimonade the Nimble (Gnoll Wanderer)                Turns: 1043, Time: 00:04:07

Health: -6/28      AC:  5    Str: 10    XL:     3   Next: 6%
Magic:  3/3        EV: 17    Int:  9    God:
Gold:   24         SH:  0    Dex: 16    Spells: 3/3 levels left

rFire   . . .      SeeInvis .     - Unarmed
rCold   . . .      Faith    .   (no shield)
rNeg    . . .      Spirit   .   d - +2 leather armour
rPois   .          Reflect  .   (no helmet)
rElec   .          Harm     .   (no cloak)
rCorr   .          Rampage  .   (no gloves)
Will    .....                   (no boots)
Stlth   +.........              (no amulet)
HPRegen 0.09/turn               (no ring)
MPRegen 0.08/turn               (no ring)

@: confused
A: fangs 1, strong nose, distributed training
a: no special abilities


You were on level 2 of the Dungeon.
You visited 1 branch of the dungeon, and saw 2 of its levels.

You collected 24 gold pieces.

Inventory:

Hand Weapons
 a - a +0 dagger
 h - a +0 war axe
Missiles
 c - 7 boomerangs (quivered)
 e - 6 poisoned darts
 g - 30 sling bullets
 i - 16 bolts
 m - 51 arrows
 t - 14 stones
Armour
 d - a +2 leather armour (worn)
 j - a +0 robe
 o - a +0 scale mail
 q - a +0 chain mail
 y - a +0 ring mail
Jewellery
 l - a ring of wizardry
Scrolls
 b - a scroll of fog
 f - a scroll of holy word {unknown}
 k - a scroll of silence {unknown}
 n - a scroll of acquirement {unknown}
 p - a scroll of torment {unknown}
 s - a scroll of brand weapon {unknown}
 v - a scroll of noise {unknown}
 w - a scroll of magic mapping {unknown}
Potions
 r - 3 potions of haste {unknown}
 u - a potion of degeneration {unknown}
 x - a potion of magic {unknown}


   Skills:
 + Level 2.5 Fighting
 + Level 0.6 Short Blades
 + Level 0.6 Long Blades
 + Level 0.6 Axes
 + Level 0.6 Maces & Flails
 + Level 0.6 Polearms
 + Level 0.6 Staves
 + Level 0.6 Slings
 + Level 0.6 Bows
 + Level 0.6 Crossbows
 + Level 4.5 Throwing
 + Level 2.5 Armour
 + Level 10.4 Dodging
 + Level 0.6 Stealth
 + Level 0.6 Shields
 + Level 2.5 Unarmed Combat
 + Level 0.6 Spellcasting
 + Level 0.4 Conjurations
 + Level 0.4 Hexes
 + Level 0.4 Summonings
 + Level 0.4 Necromancy
 + Level 0.4 Translocations
 + Level 0.4 Transmutations
 + Level 0.4 Fire Magic
 + Level 0.4 Ice Magic
 + Level 0.4 Air Magic
 + Level 0.4 Earth Magic
 + Level 0.4 Poison Magic
 + Level 0.8 Invocations
 + Level 0.6 Evocations


You had 3 spell levels left.
You didn't know any spells.
Your spell library contained the following spells:

 Spells                   Type           Power      Damage    Failure   Level
 Beastly Appendage        Tmut           2%         N/A       38%         1
 Wereblood                Tmut           1%         N/A       54%         2
 Spider Form              Tmut/Pois      1%         N/A       77%         3
 Summon Guardian Golem    Hex/Summ       1%         N/A       77%         3
 Orb of Destruction       Conj           0%         9d5       100%        7
 Spellforged Servitor     Conj/Summ      0%         N/A       100%        7


Dungeon Overview and Level Annotations

Branches:
Dungeon (2/15)

Altars:

Shops:
D:2 *

Annotations:
D:2 Sigmund


Innate Abilities, Weirdness & Mutations

You have very sharp teeth.
Your uncanny sense of smell can sniff out nearby items.
Your experience applies equally to all skills.


Message History

There is an entrance to Nahicu's General Store here.
You see here a +0 ring mail.
y - a +0 ring mail
There is an entrance to Nahicu's General Store here.
Found 6 large rocks.
Sigmund the Dreaded comes into view.
He is wielding a +0 scythe.
Sigmund drinks a potion.
Sigmund seems to grow stronger.
You don't know any spells.
Unknown command.
You throw a boomerang. The boomerang hits Sigmund.
Sigmund is lightly wounded.
Sigmund misses you.
You hit Sigmund.
Sigmund is lightly wounded.
Sigmund misses you.
You closely miss Sigmund.
Sigmund is lightly wounded.
Sigmund casts a spell at you. The magic dart hits you!
You barely miss Sigmund. You bite Sigmund, but do no damage.
Sigmund is lightly wounded.
Sigmund completely misses you.
You hit Sigmund.
Sigmund is moderately wounded.
You barely miss Sigmund.
Sigmund is moderately wounded.
Sigmund closely misses you.
You closely miss Sigmund.
Sigmund is moderately wounded.
Sigmund mumbles some strange words.
Sigmund flickers and vanishes!
Deactivating autopickup; reactivate with Ctrl-A.
You hit something.
You hear some strange, mumbled words.
You are confused.
Something hits you but does no damage. Something hits you! Something hits you!
Ouch! That really hurt!
You die...

..#####......# ..# . ###
#......##...##.# #
#...^.....# .#.### #
####.......####...... #
# #......###.###......#
## # #.....##
#.##..#.... ##.
####.....####.##.#.(###.
#..
...................$....
#..
......∩.........@..#####
#.. ...#.....####.##{.##
#.. ..##>....# #.##...#
#.. ..##.....# #.#..#...
..####. ..##<....#
#.#.#####.# #......
..######## ..#. # ####..
..# .##. #.... ..# ..
#....#.. . ..####..


There were no monsters in sight!

Vanquished Creatures
  A worm (D:2)
  2 ball pythons (D:1)
  2 endoplasms (D:1)
  A giant cockroach (D:1)
  3 hobgoblins
  2 kobolds
  4 bats (D:1)
  A frilled lizard (D:1)
  2 goblins (D:1)
  5 rats
23 creatures vanquished.

Notes
Turn   | Place    | Note
-------+----------+-------------------------------------------
     0 | D:1      | Reached skill level 10 in Dodging
     0 | D:1      | jimonade the Gnoll Wanderer began the quest for the Orb.
     0 | D:1      | jimonade set off with the following items: a +0 dagger, a
                  | scroll of fog, 8 boomerangs, a +2 leather armour
     0 | D:1      | Reached XP level 1. HP: 17/17 MP: 1/1
   206 | D:1      | Reached XP level 2. HP: 23/23 MP: 2/2
   820 | D:2      | Reached XP level 3. HP: 22/28 MP: 3/3
   992 | D:2      | Found Nahicu's General Store.
  1027 | D:2      | Noticed Sigmund
  1043 | D:2      | Mangled by Sigmund

Illustrated notes

Levels and vault maps discovered:
D:1:      sevenhm_arrival_forest_fort_small_3, layout_basic, minmay_pentomino_r2
D:2:      layout_rooms, serial_shops, shop, uniq_sigmund,
          uniq_crazy_yiuf_cottage

Skill      XL: | |
---------------+-+-----
Dodging        | | 10.4
Fighting       | |  2.5
Short Blades   | |  0.6
Long Blades    | |  0.6
Axes           | |  0.6
Maces & Flails | |  0.6
Polearms       | |  0.6
Staves         | |  0.6
Slings         | |  0.6
Bows           | |  0.6
Crossbows      | |  0.6
Throwing       | |  4.5
Armour         | |  2.5
Stealth        | |  0.6
Shields        | |  0.6
Unarmed Combat | |  2.5
Spellcasting   | |  0.6
Conjurations   | |  0.4
Hexes          | |  0.4
Summonings     | |  0.4
Necromancy     | |  0.4
Translocations | |  0.4
Transmutations | |  0.4
Fire Magic     | |  0.4
Ice Magic      | |  0.4
Air Magic      | |  0.4
Earth Magic    | |  0.4
Poison Magic   | |  0.4
Invocations    | |  0.8
Evocations     | |  0.6

Action                   || total
-------------------------++-------
Melee: Unarmed           ||    32
       Bite              ||     4
Throw: Boomerang         ||    46
Armor: Leather armour    ||    11
Dodge: Dodged            ||    39
